 Dungeon Crawl Stone Soup version bcrawl-1.39.1 (webtiles) character file.

Game seed: 7563415559101302026

472514 Finalfun the Ruinous (level 17, 0/115 HPs)
             Began as a Fairy Conjurer on Sept 18, 2023.
             Was the Champion of Sif Muna.
             Slain by a ghost moth (4 damage)
             ... on level 2 of the Spider Nest.
             The game lasted 02:49:20 (30241 turns).

Finalfun the Ruinous (Fairy Conjurer)              Turns: 30241, Time: 02:49:20

Health: 0/115      AC: 14    Str:  4 (6)  XL:     17   Next: 19%
Magic:  1/36       EV: 23    Int: 26      God:    Sif Muna [******]
Gold:   2023       SH:  8    Dex: 11 (13) Spells: 12/42 levels left

rFire    + . .     GDR:     23% X - staff of conjuration
rCold    + + .     SeeInvis .   (shield currently unavailable)
rNeg     + . .     Gourm    .   (armour unavailable)
rPois    +         Faith    .   U - -2 hat of the Alchemist {rElec rPois rF+ rC+ rN+ MR+ rMut rCorr}
rElec    +         Spirit   .   R - +0 cloak {rC+}
rCorr    +         Reflect  .   (no gloves)
rMut     +                      y - +0 pair of boots
MR       ++...                  (no amulet)
Stlth    +.........             l - ring of wizardry
HPRegen  0.29/turn              d - +6 ring of protection
MPRegen  0.25/turn

@: flying evasively, very slightly contaminated, studying Axes, invisible
A: small, magic attunement, unstealthy, unfitting armour, able to fly, AC/SH +8
a: Stop Flying, Divine Energy, Channel Magic, Forget Spell, Moment of Magic,
Renounce Religion


You were on level 2 of the Spider Nest.
You worshipped Sif Muna.
Sif Muna was exalted by your worship.
You were hungry.

You visited 5 branches of the dungeon, and saw 23 of its levels.
You also visited: Ice Cave.

You collected 2791 gold pieces.
You spent 768 gold pieces at shops.

Inventory:

Hand Weapons
 H - the +10 Vampire's Tooth {vamp}
   (You found it on level 7 of the Dungeon)

   It inflicts no extra harm, but heals its wielder when it wounds a living foe.
Missiles
 f - 4232 stones
 x - 614 poisoned tomahawks (quivered)
 E - 4 throwing nets {=f}
Armour
 y - a +0 pair of boots (worn)
 R - a +0 cloak of cold resistance (worn)
 U - the -2 hat of the Alchemist (worn) {rElec rPois rF+ rC+ rN+ MR+ rMut rCorr}
   (You found it on level 11 of the Dungeon)

   It protects you from fire.
   It protects you from cold.
   It insulates you from electricity.
   It protects you from poison.
   It protects you from negative energy.
   It affects your resistance to hostile enchantments.
   It provides partial protection from all sources of acid and corrosion.
   It protects you from mutation.
Magical Staves
 X - an uncursed staff of conjuration (weapon)
Jewellery
 d - a +6 ring of protection (right hand)
 l - a ring of wizardry (left hand)
 m - an uncursed ring of protection from cold
 V - the ring of Lije {rF- MR+ Str+6}
   (You found it on level 11 of the Dungeon)

   [ring of protection from magic]

   It affects your strength (+6).
   It makes you vulnerable to fire.
   It affects your resistance to hostile enchantments.
Wands
 p - a wand of polymorph (11)
 v - a wand of iceblast (44)
 B - a wand of disintegration (38)
 D - a wand of charming (17)
 F - a wand of flame (8)
 M - a wand of scattershot (11)
 N - a wand of paralysis (9)
 W - a wand of random effects (18)
 Y - a wand of digging (12)
Scrolls
 g - 10 scrolls of teleportation
 h - 4 scrolls of enchant armour
 i - a scroll of identify
 k - 11 scrolls of remove curse
 q - 3 scrolls of amnesia
 r - 7 scrolls of immolation
 s - 7 scrolls of enchant weapon
 u - 2 scrolls of revelation
 G - 2 scrolls of blinking
 J - 3 scrolls of acquirement
 K - 4 scrolls of noise
 O - 2 scrolls of fog
 S - a scroll of torment
 Z - a scroll of silence
Potions
 a - a potion of lignification {unknown}
 b - a potion of magic
 c - 7 potions of mutation
 j - 3 potions of cancellation
 n - 8 potions of curing
 o - 2 potions of degeneration
 t - 7 potions of might
 w - 4 potions of agility
 z - 7 potions of flight
 A - 3 potions of invisibility
 C - 2 potions of heal wounds
 I - 2 potions of ambrosia
 L - 3 potions of haste
 P - 4 potions of brilliance
 Q - 2 potions of resistance
 T - a potion of berserk rage
Comestibles
 e - 41 rations {!d}


   Skills:
 - Level 10.0 Fighting
 - Level 13.0 Dodging
 - Level 1.6 Stealth
 - Level 13.0 Spellcasting
 - Level 21.0 Conjurations
 - Level 7.0 Ice Magic
 + Level 15.4 Earth Magic
 - Level 4.0 Invocations
 - Level 6.0 Evocations


You had 12 spell levels left.
You knew the following spells:

 Your Spells              Type           Power        Failure   Level  Hunger
a - Magic Dart            Conj           ####         0%          1    None
b - Lehudib's Crystal Sp  Conj/Erth      ########..   5%          8    None
c - Iskenderun's Mystic   Conj           ########     0%          3    None
e - Orb of Destruction    Conj           ########..   1%          7    None
f - Iskenderun's Battles  Conj/Chrm      #######.     1%          5    None
g - Bolt of Cold          Conj/Ice       #######...   1%          6    None

Your spell library contained the following spells:

 Spells                   Type           Power        Failure   Level  Hunger
 Sandblast                Erth           ######       0%          1    None
 Searing Ray              Conj           ########     0%          2    None
 Stone Arrow              Conj/Erth      ######       0%          3    None
 Apportation              Tloc           ###...       1%          1    None
 Corona                   Hex            ###....      1%          1    None
 Flame Tongue             Conj/Fire      #####        1%          1    None
 Infusion                 Chrm           ###.....     1%          1    None
 Necrotize                Necr           ###...       1%          1    None
 Slow                     Hex            ###.....     1%          1    None
 Static Discharge         Air            ###...       1%          1    None
 Summon Butterflies       Summ           ###.....     1%          1    None
 Passwall                 Tmut/Erth      ######..     1%          2    None
 Shock                    Conj/Air       #######      1%          2    None
 Sublimation of Blood     Necr           ###.......   1%          2    None
 Swiftness                Chrm/Air       ###.....     1%          2    None
 Conjure Flame            Conj/Fire      #######.     1%          3    None
 Mephitic Cloud           Conj/Pois/Air  ######..     1%          3    None
 Fulminant Prism          Conj/Hex       #######...   1%          4    None
 Lightning Bolt           Conj/Air       #######.     1%          4    None
 Petrify                  Tmut/Erth      ######....   1%          4    None
 Sticky Flame             Conj/Fire      #######.     1%          4    None
 Throw Icicle             Conj/Ice       #######.     1%          4    None
 Bolt of Magma            Conj/Fire/Erth #######...   1%          5    None
 Irradiate                Conj/Tmut      #######...   1%          5    None
 Lee's Rapid Deconstruct  Erth           #######...   1%          5    None
 Iron Shot                Conj/Erth      ########..   1%          6    None
 Conjure Ball Lightning   Conj/Air       #######...   2%          6    None
 Poison Arrow             Conj/Pois      #######...   2%          6    None
 Icicle Burst             Conj/Ice       #######...   3%          7    None
 Inner Flame              Hex/Fire       N/A          4%          3    None
 Vampiric Draining        Necr           ###.......   4%          3    None
 Statue Form              Tmut/Erth      ######...    9%          6    None
 Agony                    Necr           ###.....     13%         4    None
 Animate Dead             Necr           N/A          13%         4    None
 Tree Form                Hex/Tmut       N/A          13%         4    None
 Spellforged Servitor     Conj/Summ      #######...   16%         7    None
 Dispel Undead            Necr           ###.....     34%         5    None
 Passage of Golubria      Tloc           N/A          34%         5    None
 Summon Lightning Spire   Summ/Air       ###.....     34%         5    None
 Summon Mana Viper        Hex/Summ       ###.....     34%         5    None
 Simulacrum               Ice/Necr       #####...     43%         6    None
 Chain Lightning          Conj/Air       #######...   71%         8    None
 Darkness                 Hex            ###.......   87%         6    None
 Invisibility             Hex            ###.....     87%         6    None
 Shatter                  Erth           #######...   91%         9    None
 Dragon Form              Tmut           ###....      100%        7    None
 Necromutation            Tmut/Necr      ###.....     100%        8    None
 Tornado                  Tloc/Air       ###.......   100%        8    None


Dungeon Overview and Level Annotations

Branches:
Dungeon (12/12)            Temple (1/1) D:7            Lair (6/6) D:7
 Shoals (0/3) Lair:3       Spider (3/3) Lair:4        Slime (0/5) Orc
    Orc (1/1) D:9          Vaults (0/3) D:11         Forest (0/3) Lair:5
 Depths (0/5) D:12

Altars:
Ashenzari
Cheibriados
Dithmenos
Elyvilon
Fedhas
Gozag
Hepliaklqana
Kikubaaqudgha
Lugonu
Makhleb
Nemelex Xobeh
Okawaru
Qazlal
Ru
Sif Muna
Trog
Uskayaw
Vehumet
Wu Jian
Xom
Yredelemnul
Zin
The Shining One
Jiyva

Shops:
D:9 [(   Orc *(*:

Annotations:
D:10 3 runed translucent doors, exclusion: obsidian statue, kuniqs's ghost, journeyman AvCj
D:12 2 runed translucent doors, Exe's ghost, journeyman MiAc
Lair:5 3 runed translucent doors, yrara's ghost, journeyman DsFi


Innate Abilities, Weirdness & Mutations

Your spells do not cause hunger and MP costs are reduced by 1.
Your bright wings attract enemies. (Stealth-)
You cannot fit into any form of body armour.
Your shimmering scales are hard and can block incoming attacks. (AC +8, SH +8)
You are small and have problems with some larger weapons.
You can fly continuously.


Message History

Something hits you but does no damage. Something misses you.
Something stings you but does no damage.
You fade into invisibility!
* * * LOW HITPOINT WARNING * * *
You feel very sick. Something hits you!
* * * LOW HITPOINT WARNING * * *
Something hits you!
* * * LOW HITPOINT WARNING * * *
You block something's attack.
You are very lightly contaminated with residual magic.
You feel better.
Something misses you. x2; Something stings you.
* * * LOW HITPOINT WARNING * * *
Something hits you!
* * * LOW HITPOINT WARNING * * *
Something hits you.
* * * LOW HITPOINT WARNING * * *
You feel clumsy. Something stings you.
You die...

######### #### ......^.# ##...##
........## ##.....# #######..###
#...#..# ..## #....###..##.###
...## ##....###.@....#
#..<######..###..#...## ####
##..##.#...###..##.#..# ###..####
###...........#..#^...###.....#..
#...##..#^##.....#.#..##...#>##..
.^#.#..####.##.######..#..#...#..
.....###^....### #..#^.#.#...#
#..#..........# ##..#..###..#
#####..##.##..# #..##..######


There were no monsters in sight!

Vanquished Creatures
  A frost giant (IceCv)
  4 emperor scorpions
  The ghost of Syucvump the Basher, a journeyman EnBe of Trog (Lair:4)
  A dire elephant (Lair:6)
  3 spark wasps
  A minotaur (Lair:4)
  2 entropy weavers (Spider:2)
  An ettin (D:12)
  A rakshasa (D:12)
  4 hydras
  Harold (D:10)
  An anaconda (Lair:5)
  Erolcha (D:10)
  Erica (D:10)
  A catoblepas (Lair:6)
  4 two-headed ogres
  A death knight (D:9)
  An ogre mage (D:12)
  A satyr (Lair:5)
  A dancing weapon (D:8)
  A deep troll shaman (Lair:6)
  3 orc high priests (Orc)
  19 death yaks
  3 spriggans (Lair:5)
  2 centaur warriors
  The ghost of yrara the Cleaver, a novice DsFi of Gozag (D:8)
  2 unseen horrors (D:12)
  5 skeletal warriors (D:12)
  4 orc knights (Orc)
  A deep elf archer (D:12)
  A wolf spider zombie (D:12)
  5 lindwurms
  12 wolf spiders
  A necromancer (D:11)
  4 orc sorcerers
  20 orb spiders
  2 ugly things
  A deep elf mage (D:12)
  14 elephants
  2 manticores
  6 black mambas
  A merfolk siren (Lair:3)
  7 cane toads
  An ice statue (IceCv)
  3 torpor snails
  A kobold demonologist (D:11)
  An efreet (D:12)
  A freezing wraith (D:12)
  10 komodo dragons
  10 demonic crawlers
  12 jumping spiders
  A merfolk (D:9)
  An eye of draining (D:12)
  A wolf spider simulacrum (D:12)
  A queen bee (Lair:5)
  A harpy zombie (D:12)
  5 trolls
  8 hornets
  14 polar bears (IceCv)
  20 blink frogs
  2 harpy skeletons
  10 slime creatures
  12 dream sheep
  4 tyrant leeches (Spider:2)
  9 hippogriffs
  Grum (D:10)
  2 wyverns
  2 shadows (D:12)
  52 yaks
  A wraith (D:12)
  A vampire (D:10)
  13 tarantellas
  3 basilisks
  A fire elemental (Lair:3)
  A hungry ghost (D:11)
  30 redbacks
  8 crocodiles
  8 swamp worms (Lair:2)
  A warg (Orc)
  7 water moccasins
  4 porcupines
  12 ice beasts
  3 sky beasts
  A hornet zombie (D:10)
  5 black bears
  13 orc warriors
  5 ogres
  A soldier ant (D:10)
  35 wolves
  15 bullfrogs
  2 kobold brigands (D:7)
  4 earth elementals (Spider:2)
  11 centaurs
  A water moccasin zombie (D:7)
  6 scorpions
  31 killer bees
  4 wights (D:6)
  4 electric eels
  17 orc priests
  A howler monkey (D:5)
  A bullfrog zombie (D:5)
  4 crimson imps
  6 hounds
  A quasit (D:6)
  3 jellies
  3 bullfrog skeletons
  13 worker ants
  An iguana (D:10)
  21 orc wizards
  Terence (D:2)
  3 killer bee zombies
  A hound zombie (D:6)
  A hound skeleton (D:6)
  A howler monkey zombie (D:6)
  A mummy (D:5)
  3 worker ant zombies
  4 gnolls (D:4)
  14 adders
  3 shadow imps
  9 oozes
  An adder zombie (D:4)
  2 adder skeletons
  9 worms
  5 dart slugs
  7 leopard geckos
  75 orcs
  A ball python (D:1)
  4 giant cockroaches
  3 goblins
  14 hobgoblins
  10 jackals
  21 kobolds
  5 quokkas
  7 bats
  3 frilled lizards
  2 hobgoblin zombies (D:5)
  A jackal skeleton (D:3)
  A kobold zombie (D:5)
  An orc zombie (D:5)
  5 rats
  3 fulminant prisms
  A fungus (Lair:6)
  6 plants (Lair:6)
  A toadstool (D:7)
865 creatures vanquished.

Vanquished Creatures (others)
  A kobold brigand (D:7)
  A kobold (D:7)
  52 fulminant prisms
  6 fungi
  29 plants
  11 toadstools (D:7)
100 creatures vanquished.

Grand Total: 965 creatures vanquished

Notes
Turn   | Place    | Note
-------+----------+-------------------------------------------
     0 | D:1      | Finalfun the Fairy Conjurer began the quest for the Orb.
     0 | D:1      | Reached XP level 1. HP: 11/11 MP: 6/6
    24 | D:1      | Reached skill level 5 in Conjurations
    91 | D:1      | Reached XP level 2. HP: 17/17 MP: 7/7
   133 | D:1      | Learned a level 2 spell: Searing Ray
   477 | D:1      | Reached skill level 1 in Fighting
   509 | D:1      | Reached XP level 3. HP: 23/23 MP: 9/9
  1036 | D:2      | Found a sacrificial altar of Ru.
  1127 | D:2      | Reached XP level 4. HP: 30/30 MP: 10/10
  1173 | D:2      | Noticed Terence
  1180 | D:2      | Killed Terence
  1488 | D:2      | Learned a level 3 spell: Iskenderun's Mystic Blast
  1617 | D:3      | Found an iron altar of Okawaru.
  1682 | D:3      | Reached XP level 5. HP: 36/36 MP: 5/11
  1749 | D:3      | Reached skill level 6 in Conjurations
  2486 | D:4      | Noticed an ogre
  2492 | D:4      | Killed an ogre
  2493 | D:4      | Reached skill level 7 in Conjurations
  2493 | D:4      | Reached XP level 6. HP: 42/42 MP: 3/13
  2925 | D:4      | Reached skill level 5 in Dodging
  2927 | D:4      | Reached XP level 7. HP: 46/46 MP: 10/15
  3067 | D:4      | Reached skill level 8 in Conjurations
  3646 | D:4      | Learned a level 4 spell: Fulminant Prism
  3655 | D:5      | Entered Level 5 of the Dungeon
  3770 | D:5      | Reached skill level 9 in Conjurations
  3831 | D:5      | Reached XP level 8. HP: 52/52 MP: 11/16
  4031 | D:5      | Reached skill level 10 in Conjurations
  4070 | D:5      | Reached skill level 1 in Evocations
  4274 | D:5      | Noticed a troll
  4287 | D:5      | Killed a troll
  4811 | D:6      | Reached skill level 5 in Fighting
  4919 | D:6      | Reached XP level 9. HP: 61/61 MP: 11/17
  5335 | D:6      | Found an ancient bone altar of Kikubaaqudgha.
  5335 | D:6      | Found a hazy altar of Hepliaklqana.
  5335 | D:6      | Found a shattered altar of Ashenzari.
  5560 | D:6      | Found a stormy altar of Qazlal.
  6367 | D:7      | Reached skill level 5 in Spellcasting
  6551 | D:7      | Reached XP level 10. HP: 61/71 MP: 5/22
  6561 | D:7      | Reached skill level 11 in Conjurations
  6682 | D:7      | Learned a level 5 spell: Irradiate
  6756 | D:7      | Found a staircase to the Ecumenical Temple.
  6789 | Temple   | Entered the Ecumenical Temple
  7006 | Temple   | Became a worshipper of Sif Muna the Loreminder
  7204 | D:7      | Found the +10 Vampire's Tooth {vamp}
  7230 | D:7      | Reached skill level 12 in Conjurations
  7541 | D:7      | Found an opulent altar of Gozag.
  7631 | D:7      | Found a staircase to the Lair.
  7691 | D:7      | Found a corrupted altar of Lugonu.
  7691 | D:7      | Found a basalt altar of Yredelemnul.
  7837 | Lair:1   | Entered Level 1 of the Lair of Beasts
  7986 | Lair:1   | Reached * piety under Sif Muna
  7990 | Lair:1   | Reached skill level 10 in Dodging
  7990 | Lair:1   | Reached skill level 1 in Invocations
  8192 | Lair:1   | Reached XP level 11. HP: 50/75 MP: 8/23
  8219 | Lair:1   | Reached ** piety under Sif Muna
  8219 | Lair:1   | Reached skill level 13 in Conjurations
  9087 | Lair:2   | Reached skill level 14 in Conjurations
  9167 | Lair:2   | Reached *** piety under Sif Muna
  9223 | Lair:2   | Identified Sif Muna's Volume of Black Arts and Attacks (Sif
                  | Muna gifted it to you on level 2 of the Lair of Beasts)
  9223 | Lair:2   | Received a gift from Sif Muna
  9327 | Lair:1   | Learned a level 5 spell: Iskenderun's Battlesphere
  9616 | Lair:2   | Reached skill level 15 in Conjurations
  9622 | Lair:2   | Reached **** piety under Sif Muna
  9749 | Lair:2   | Learned a level 6 spell: Bolt of Cold
 10066 | Lair:2   | Reached skill level 1 in Ice Magic
 10137 | Lair:2   | Got a coiled turquoise ring
 10302 | Lair:3   | Reached skill level 5 in Evocations
 10302 | Lair:3   | Reached XP level 12. HP: 81/81 MP: 17/26
 10587 | Lair:3   | Reached skill level 5 in Ice Magic
 10995 | Lair:3   | Found a staircase to the Shoals.
 11350 | Lair:4   | Got a brightly glowing falchion
 11353 | Lair:4   | Identified the +9 falchion "Demonbane" {flame, rN+ MR-
                  | Int+6} (You found it on level 4 of the Lair of Beasts)
 11426 | Lair:4   | Found a runed translucent gate.
 11426 | Lair:4   | Found a runed translucent gate.
 11427 | Lair:4   | Found a runed translucent gate.
 11430 | Lair:4   | Noticed a minotaur
 11431 | Lair:4   | Noticed Syucvump's ghost (journeyman EnBe)
 11836 | Lair:4   | Found a hole to the Spider Nest.
 12112 | Lair:4   | Found a shattered altar of Ashenzari.
 12564 | Lair:4   | Identified the ring of Vimihopn {*Corrode +Fly rPois Int-3
                  | Dex+8} (You found it on level 2 of the Lair of Beasts)
 12595 | Lair:5   | Found a runed translucent gate.
 12595 | Lair:5   | Found a runed translucent gate.
 12595 | Lair:5   | Found a runed translucent gate.
 12633 | Lair:5   | Noticed an anaconda
 12642 | Lair:5   | Killed an anaconda
 12643 | Lair:5   | Reached skill level 10 in Fighting
 12728 | Lair:5   | Identified Tadimokk's Incunabulum of Combat Magic and
                  | Bewitchment (Sif Muna gifted it to you on level 5 of the
                  | Lair of Beasts)
 12728 | Lair:5   | Received a gift from Sif Muna
 12810 | Lair:5   | Reached XP level 13. HP: 92/92 MP: 17/27
 12820 | Lair:5   | Reached ***** piety under Sif Muna
 12892 | Lair:5   | Noticed yrara's ghost (journeyman DsFi)
 12958 | Lair:5   | Found a staircase to the Spriggan Forest.
 12983 | Lair:5   | Reached skill level 16 in Conjurations
 14048 | Lair:6   | Entered Level 6 of the Lair of Beasts
 14107 | Lair:6   | Reached skill level 17 in Conjurations
 14305 | Lair:6   | Noticed a dire elephant
 14564 | Lair:5   | Identified Sif Muna's Grimoire of Supportive Transmigration
                  | (Sif Muna gifted it to you on level 5 of the Lair of
                  | Beasts)
 14564 | Lair:5   | Received a gift from Sif Muna
 14569 | Lair:5   | Reached skill level 10 in Spellcasting
 14685 | Lair:5   | Learned a level 8 spell: Lehudib's Crystal Spear
 14886 | Lair:6   | Reached ****** piety under Sif Muna
 15188 | Lair:6   | Got a transparent garnet amulet
 15203 | Lair:6   | Reached XP level 14. HP: 99/99 MP: 19/30
 15257 | Lair:6   | Reached skill level 5 in Earth Magic
 15455 | Lair:6   | Got a bloodstained long sword
 15621 | Lair:6   | Killed a dire elephant
 16495 | Lair:6   | Reached skill level 10 in Earth Magic
 16664 | Lair:5   | Identified the cursed amulet of Zaetuoth {Inacc +Fly Str-5
                  | Int-5 Stlth+} (You found it on level 6 of the Lair of
                  | Beasts)
 16669 | Lair:5   | Identified the +9 long sword "Xoananwo" {slice, Str+4} (You
                  | found it on level 6 of the Lair of Beasts)
 16997 | D:8      | Identified Sif Muna's Grimoire of Destructive Lightness
                  | (Sif Muna gifted it to you on level 8 of the Dungeon)
 16997 | D:8      | Received a gift from Sif Muna
 17415 | D:8      | Found a runed translucent door.
 17416 | D:8      | Found a shimmering altar of Xom.
 17416 | D:8      | Noticed yrara's ghost (novice DsFi)
 17910 | D:8      | Killed yrara's ghost
 18550 | D:9      | Found a staircase to the Orcish Mines.
 18550 | D:9      | Found Ceorr's Armour Shop.
 18554 | D:9      | Found Viezucw's Weapon Shop.
 19333 | D:10     | Entered Level 10 of the Dungeon
 19473 | D:10     | Found a runed translucent gate.
 19475 | D:10     | Found a runed translucent gate.
 19475 | D:10     | Found an opulent altar of Gozag.
 19475 | D:10     | Found a runed translucent gate.
 19478 | D:10     | Noticed kuniqs's ghost (journeyman AvCj)
 19484 | D:10     | Noticed Erica
 19488 | D:10     | Killed Erica
 19605 | D:10     | Noticed Harold
 19614 | D:10     | Killed Harold
 19615 | D:10     | Reached XP level 15. HP: 103/103 MP: 16/31
 19718 | D:10     | Noticed Erolcha
 19721 | D:10     | Killed Erolcha
 20053 | D:10     | Noticed Grum
 20056 | D:10     | Killed Grum
 20625 | D:10     | Learned a level 7 spell: Orb of Destruction
 20683 | D:11     | Identified Neanuhut's Tome of the Dark Mountains (Sif Muna
                  | gifted it to you on level 11 of the Dungeon)
 20683 | D:11     | Received a gift from Sif Muna
 20893 | D:11     | Found the -2 hat of the Alchemist {rElec rPois rF+ rC+ rN+
                  | MR+ rMut rCorr}
 21204 | D:11     | Got a smoking ivory ring
 21456 | D:11     | Found a gate to the Vaults.
 21740 | D:11     | Reached skill level 18 in Conjurations
 21949 | D:11     | Identified the ring of Lije {rF- MR+ Str+6} (You found it
                  | on level 11 of the Dungeon)
 21954 | D:11     | Identified a scroll of acquirement
 21956 | D:12     | Entered Level 12 of the Dungeon
 22283 | D:12     | Got a crude pewter ring
 22285 | D:12     | Identified the cursed ring of Rapeu {rF+ Stlth--} (You
                  | found it on level 12 of the Dungeon)
 22459 | D:12     | Found a large runed translucent door.
 22459 | D:12     | Found a large runed translucent door.
 22463 | D:12     | Noticed Exe's ghost (journeyman MiAc)
 22758 | D:12     | Found a staircase to the Depths.
 22765 | D:12     | Reached skill level 19 in Conjurations
 22778 | D:12     | Identified Sif Muna's Incunabulum of the Rocks (Sif Muna
                  | gifted it to you on level 12 of the Dungeon)
 22778 | D:12     | Received a gift from Sif Muna
 23468 | Orc      | Entered the Orcish Mines
 23615 | Orc      | Found a frozen archway.
 23655 | IceCv    | Entered an ice cave
 24057 | IceCv    | Noticed a frost giant
 24061 | IceCv    | Killed a frost giant
 24157 | IceCv    | Reached skill level 20 in Conjurations
 24157 | IceCv    | Reached XP level 16. HP: 109/109 MP: 24/32
 25342 | Orc      | Identified Izais's Catalogue of Fire and Confrontation (Sif
                  | Muna gifted it to you in the Orcish Mines)
 25342 | Orc      | Received a gift from Sif Muna
 25353 | Orc      | Found Kyinor's Book Boutique.
 25353 | Orc      | Found Suifant's General Store.
 25355 | Orc      | Found Igatah's Antique Weapon Boutique.
 25355 | Orc      | Found Mops's General Store.
 25367 | Orc      | Bought a scroll of blinking for 112 gold pieces
 25367 | Orc      | Bought a scroll of identify for 30 gold pieces
 25367 | Orc      | Bought a scroll of teleportation for 45 gold pieces
 25367 | Orc      | Bought a scroll of torment for 112 gold pieces
 25371 | Orc      | Bought a potion of ambrosia for 56 gold pieces
 25371 | Orc      | Bought a potion of degeneration for 14 gold pieces
 25371 | Orc      | Bought a wand of digging (12) for 364 gold pieces
 25371 | Orc      | Bought a potion of curing for 35 gold pieces
 25628 | Orc      | Found a viscous altar of Jiyva.
 25628 | Orc      | Found a staircase to the Slime Pits.
 26032 | Lair:4   | Killed Syucvump's ghost
 26166 | Spider:1 | Entered Level 1 of the Spider Nest
 26379 | Spider:1 | Reached skill level 21 in Conjurations
 28201 | Spider:2 | Identified Sif Muna's Grimoire of Gliding Stones (Sif Muna
                  | gifted it to you on level 2 of the Spider Nest)
 28201 | Spider:2 | Received a gift from Sif Muna
 29333 | Spider:3 | Entered Level 3 of the Spider Nest
 29554 | Spider:3 | Reached XP level 17. HP: 115/115 MP: 21/36
 29800 | Spider:3 | Reached skill level 15 in Earth Magic
 30241 | Spider:2 | HP: 4/115 [something (5)]
 30241 | Spider:2 | Slain by a ghost moth

Skill      XL: |  1  2  3  4  5  6  7  8  9 10 11 12 13 14 15 16 17 |
---------------+----------------------------------------------------+-----
Conjurations   | 5 7 9 10 12 15 17 20 21 | 21.0
Dodging        | 3 5 7 10 11 13 | 13.0
Spellcasting   | 3 4 7 8 10 13 | 13.0
Fighting       | 1 2 3 5 7 10 | 10.0
Evocations     | 4 5 6 |  6.0
Invocations    | 4 |  4.0
Ice Magic      | 3 7 |  7.0
Earth Magic    | 4 12 13 14 15 | 15.4
Stealth        | |  1.6

Action                   |  1- 3 |  4- 6 |  7- 9 | 10-12 | 13-15 | 16-18 || total
-------------------------+-------+-------+-------+-------+-------+-------++-------
Melee: Dagger            |       |       |     1 |     1 |     3 |       ||     5
       Staff             |       |       |       |       |    17 |     3 ||    20
 Cast: Magic Dart        |    80 |    91 |   167 |   235 |   379 |   188 ||  1140
       Searing Ray       |     3 |     6 |    29 |     5 |       |       ||    43
       Iskenderun's Myst |       |    11 |    53 |    68 |    61 |    44 ||   237
       Fulminant Prism   |       |       |     7 |    42 |     6 |       ||    55
       Irradiate         |       |       |       |     4 |       |       ||     4
       Iskenderun's Batt |       |       |       |    39 |    71 |    38 ||   148
       Bolt of Cold      |       |       |       |    32 |   293 |    88 ||   413
       Lehudib's Crystal |       |       |       |       |    35 |    50 ||    85
       Orb of Destructio |       |       |       |       |     6 |     3 ||     9
Invok: Forget Spell      |       |       |       |     1 |       |     1 ||     2
       Divine Energy     |       |       |       |       |    31 |    14 ||    45
Evoke: Wand              |       |       |       |       |    27 |       ||    27
  Use: Scroll            |       |     7 |     3 |     4 |    21 |     4 ||    39
       Potion            |       |       |       |       |     6 |     3 ||     9
  Eat: Chunk             |     1 |     6 |    14 |    25 |    40 |    14 ||   100
       Ration            |       |       |       |       |     4 |     3 ||     7
Armor: Skin              |     3 |       |    37 |    34 |    80 |    27 ||   181
Dodge: Dodged            |     7 |    17 |   107 |   146 |   413 |   139 ||   829
Block: Other             |     5 |    10 |    50 |    75 |   141 |    61 ||   342
